 Dungeon Sprint DCSS version 0.26.1-11-gd32895ea62 (webtiles) character file.

Game seed: 11301263322955241300

8096 Zeld the Severer (level 11, 18/108 HPs)
             Began as a Deep Dwarf Fighter on June 15, 2021.
             Was the Champion of Makhleb.
             Quit the game in the Dungeon (Sprint III: "The Ten Rune Challenge").
             The game lasted 00:06:53 (3411 turns).

Zeld the Severer (Deep Dwarf Fighter)               Turns: 3411, Time: 00:06:53

Health: 18/108     AC:  6    Str: 23      XL:     11   Next: 5%
Magic:  0/0        EV: 16    Int:  8 (9)  God:    Makhleb [******]
Gold:   3253       SH: 14    Dex: 12      Spells: 10/10 levels left

rFire    . . .     SeeInvis .   a - +0 hand axe (vorpal)
rCold    . . .     Faith    .   c - +0 kite shield
rNeg     . . .     Spirit   .   b - +0 scale mail
rPois    .         Reflect  .   (no helmet)
rElec    .         Harm     .   (no cloak)
rCorr    .         Rampage  .   (no gloves)
Will     +....     NoTele   +   (no boots)
Stlth    ..........             (no amulet)
HPRegen  0.00/turn              (no ring)
MPRegen  0.07/turn              (no ring)

@: lethally poisoned (18 -> -16), non-regenerating, slowed, very slow
A: damage resistance, heal wounds, sense surroundings 2, no regeneration
a: Heal Wounds, Renounce Religion, Minor Destruction, Lesser Servant of Makhleb,
Major Destruction, Greater Servant of Makhleb


You were in the Dungeon.
You worshipped Makhleb.
Makhleb was exalted by your worship.
You visited 1 branch You collected 3397 gold pieces.
You spent 144 gold pieces at shops.

Inventory:

Hand Weapons
 a - a +0 vorpal hand axe (weapon)
Missiles
 k - 13 poisoned darts (quivered)
Armour
 b - a +0 scale mail (worn)
 c - a +0 kite shield (worn)
Wands
 o - a wand of disintegration (1)
Scrolls
 i - a scroll of immolation {unknown}
 j - a scroll of blinking
 l - 5 scrolls of remove curse
 m - a scroll of torment {unknown}
 n - a scroll of identify {unknown}
Potions
 g - 2 potions of haste
 h - 2 potions of magic


   Skills:
 + Level 10.1 Fighting
 * Level 15.6 Axes
 - Level 6.0 Throwing
 - Level 3.2 Armour
 + Level 11.2 Dodging
 - Level 15.0 Shields
 * Level 10.4 Invocations


You had 10 spell levels left.
You didn't know any spells.
Your spell library contained the following spells:

 Spells                   Type           Power        Failure   Level
 Animate Skeleton         Necr           0%           71%         1
 Apportation              Tloc           0%           71%         1
 Corona                   Hex            0%           71%         1
 Summon Small Mammal      Summ           0%           71%         1
 Confusing Touch          Hex            0%           97%         3
 Gell's Gravitas          Tloc           0%           97%         3
 Petrify                  Tmut/Erth      0%           100%        4
 Metabolic Englaciation   Hex/Ice        0%           100%        5
 Yara's Violent Unravell  Hex/Tmut       0%           100%        5


Dungeon Overview and Level Annotations

Branches:
Dungeon (1/1)

Altars:
Cheibriados
Dithmenos
Elyvilon
Fedhas
Gozag
Hepliaklqana
Kikubaaqudgha
Makhleb
Nemelex Xobeh
Okawaru
Qazlal
Ru
Sif Muna
Trog
Uskayaw
Vehumet
Wu Jian
Xom
Yredelemnul
Zin
The Shining One
Beogh
Jiyva
Lugonu

Shops:
D (


Innate Abilities, Weirdness & Mutations

You are resistant to damage.
You can heal yourself by infusing magical energy.
You passively map the area around you.
You do not regenerate.


Message History

You feel extremely sick.
Really walk into that cloud of foul pestilence? [Y]es or [N]o only, please.
Really walk into that cloud of foul pestilence? [Y]es or [N]o only, please.
Really walk into that cloud of foul pestilence?
Okay, then.
Your magical essence is drained by the effort!
You feel much better.
You feel extremely sick.
You don't have enough innate magic capacity.
You feel extremely sick.
* * * LOW HITPOINT WARNING * * *
You feel extremely sick.
* * * LOW HITPOINT WARNING * * *
You feel extremely sick.
* * * LOW HITPOINT WARNING * * *
You feel extremely sick.
Okay, then.
Are you sure you want to abandon this character and quit the game? (Confirm with "yes".)

, , * *
,#..☼§.#
*c§ ≈ ≈ *
**
#§#####○°
* , ,
*#§§§☼○○§.
* * ,
#§#######
** * ** *
#§# , +, *
, #§# ,, *
, , , ,
*#☼# , * ,
⌠ , * #.#,
, ⌠⌠, * ,
, #@# * ,
, #.#+ ∩ ∩
* ** *#.#
, , , ,, ,
, , ,*#§#
, ,* ,, ,
#.. , , ,
,* ** ###
** *, , *
* * * ,,,
, ,, **, ,
,, ** * ,
, ,


There were no monsters in sight!

Vanquished Creatures
  Harold (D)
  A centaur warrior (D)
  Erica (D)
  An unseen horror (D)
  Joseph (D)
  4 deep elf magi (D)
  2 cane toads (D)
  A komodo dragon (D)
  An orc high priest (D)
  A shadow (D)
  A spatial vortex (D)
  3 wandering mushrooms (D)
  2 orc warriors (D)
  A necrophage (D)
  2 centaurs (D)
  An earth elemental (D)
  A water elemental (D)
  A jelly (D)
  3 orc wizards (D)
  A wizard (D)
  2 orc priests (D)
  A necromancer (D)
  3 humans (D)
  A kobold demonologist (D)
  A wolf (D)
  12 orcs (D)
  4 rats (D)
54 creatures vanquished.

Vanquished Creatures (collateral kills)
  A deep elf mage (D)
1 creature vanquished.

Vanquished Creatures (others)
  A hellion (D)
  2 orc high priests (D)
  5 plants (D)
8 creatures vanquished.

Grand Total: 63 creatures vanquished

Notes
Turn   | Place    | Note
-------+----------+-------------------------------------------
     0 | D        | Zeld the Deep Dwarf Fighter began the quest for the Orb.
     0 | D        | Reached XP level 1. HP: 20/20 MP: 1/1
    58 | D        | Reached skill level 1 in Throwing
    58 | D        | Reached skill level 1 in Dodging
    58 | D        | Reached XP level 2. HP: 28/28 MP: 2/2
    71 | D        | Noticed a water elemental
    78 | D        | Killed a water elemental
    79 | D        | Reached skill level 5 in Axes
    79 | D        | Reached skill level 5 in Shields
    79 | D        | Reached XP level 3. HP: 19/36 MP: 3/3
    79 | D        | Reached XP level 4. HP: 23/44 MP: 4/4
   269 | D        | Noticed a shadow
   284 | D        | Killed a shadow
   285 | D        | Reached skill level 5 in Fighting
   285 | D        | Reached skill level 5 in Dodging
   285 | D        | Reached XP level 5. HP: 52/52 MP: 5/5
   285 | D        | Reached XP level 6. HP: 61/61 MP: 6/6
   475 | D        | Found a blossoming altar of Fedhas.
   475 | D        | Found a stormy altar of Qazlal.
   475 | D        | Found a snail-covered altar of Cheibriados.
   475 | D        | Found a burning altar of Makhleb.
   475 | D        | Found a shimmering altar of Xom.
   476 | D        | Found a hazy altar of Hepliaklqana.
   476 | D        | Found an opulent altar of Gozag.
   476 | D        | Found a sparkling altar of Nemelex Xobeh.
   476 | D        | Found a corrupted altar of Lugonu.
   476 | D        | Found a viscous altar of Jiyva.
   476 | D        | Noticed a spatial vortex
   479 | D        | Became a worshipper of Makhleb the Destroyer
   493 | D        | Killed a spatial vortex
   509 | D        | Found a basalt altar of Yredelemnul.
   509 | D        | Found a shadowy altar of Dithmenos.
   509 | D        | Found a sacrificial altar of Ru.
   519 | D        | Reached * piety under Makhleb
   540 | D        | Found a radiant altar of Vehumet.
   540 | D        | Found a shimmering blue altar of Sif Muna.
   540 | D        | Found an ancient bone altar of Kikubaaqudgha.
   547 | D        | Reached XP level 7. HP: 62/68 MP: 6/6
   551 | D        | Noticed a sixfirhy
   553 | D        | Noticed a neqoxec
   554 | D        | Reached skill level 5 in Throwing
   571 | D        | Found a glowing silver altar of Zin.
   571 | D        | Found a glowing golden altar of the Shining One.
   571 | D        | Found a white marble altar of Elyvilon.
   572 | D        | Noticed a deep elf mage
   605 | D        | Killed a deep elf mage
   605 | D        | Reached ** piety under Makhleb
   606 | D        | Reached skill level 10 in Axes
   606 | D        | Reached skill level 10 in Shields
   673 | D        | Found a hide-covered altar of Uskayaw.
   673 | D        | Found a roughly hewn altar of Beogh.
   673 | D        | Found an iron altar of Okawaru.
   673 | D        | Found a bloodstained altar of Trog.
   673 | D        | Found an ornate altar of the Wu Jian Council.
   673 | D        | Noticed a human
   674 | D        | Noticed a human
   683 | D        | Killed a human
   683 | D        | Killed a human
   684 | D        | Reached XP level 8. HP: 74/78 MP: 5/5
   805 | D        | Noticed Erica
   832 | D        | Killed Erica
  1023 | D        | Reached *** piety under Makhleb
  1161 | D        | Noticed a centaur warrior
  1169 | D        | Gained mutation: You passively map the area around you.
                  | [Deep Dwarf growth]
  1169 | D        | Reached XP level 9. HP: 79/87 MP: 4/4
  1172 | D        | Killed a centaur warrior
  1334 | D        | Killed an unseen horror
  1334 | D        | Reached **** piety under Makhleb
  1510 | D        | Killed a hellion
  1671 | D        | Noticed a wandering mushroom
  1680 | D        | Noticed a wandering mushroom
  1682 | D        | Noticed a wandering mushroom
  2020 | D        | Noticed a cane toad
  2020 | D        | Noticed a komodo dragon
  2020 | D        | Noticed a cane toad
  2034 | D        | Killed a cane toad
  2034 | D        | Reached ***** piety under Makhleb
  2057 | D        | Killed a cane toad
  2058 | D        | Reached skill level 10 in Dodging
  2058 | D        | Reached XP level 10. HP: 76/99 MP: 3/5
  2286 | D        | Found Yxuiveku's Antique Weapon Emporium.
  2319 | D        | Reached ****** piety under Makhleb
  2320 | D        | Reached skill level 5 in Invocations
  2432 | D        | Bought a glowing hand axe for 144 gold pieces
  2533 | D        | Noticed a deep elf mage
  2533 | D        | Noticed a deep elf mage
  2533 | D        | Noticed a deep elf mage
  2533 | D        | Noticed a deep elf mage
  2533 | D        | Noticed a deep elf mage
  2549 | D        | Noticed a deep elf annihilator
  2561 | D        | Killed a deep elf mage
  2602 | D        | Killed a deep elf mage
  2610 | D        | Killed a deep elf mage
  2624 | D        | Killed a deep elf mage
  2720 | D        | Noticed a deep elf annihilator
  2725 | D        | Identified the amulet of the Firefly {Spirit rN+ Str+6}
  2725 | D        | Noticed a deep elf high priest
  2726 | D        | Noticed a deep elf annihilator
  2728 | D        | Noticed a deep elf death mage
  2728 | D        | Noticed a deep elf annihilator
  2971 | D        | Noticed Harold
  2971 | D        | Noticed Joseph
  3003 | D        | Killed Harold
  3004 | D        | Reached skill level 10 in Fighting
  3004 | D        | Reached skill level 15 in Axes
  3004 | D        | Reached skill level 15 in Shields
  3030 | D        | Killed Joseph
  3031 | D        | Reached skill level 10 in Invocations
  3031 | D        | Reached XP level 11. HP: 89/108 MP: 3/3
  3116 | D        | Noticed a yaktaur captain
  3252 | D        | Noticed a yaktaur captain
  3411 | D        | Quit the game

Illustrated notes

Levels and vault maps discovered:
D:        dungeon_sprint_mu [sprint_mu_entry_forest, sprint_mu_temple_rooms,
          sprint_mu_d1_horrors, sprint_mu_d2_genie, sprint_mu_d3_branching,
          sprint_mu_orc_legion, sprint_mu_elf_gauntlet, sprint_mu_hive_nellie,
          sprint_mu_lair_fedhas, sprint_mu_vaults_butterflies,
          sprint_mu_slime_circle, sprint_mu_swamp_cave, sprint_mu_snake_twists,
          sprint_mu_blade_basic, sprint_mu_crypt_fortress,
          sprint_mu_tomb_spiral, sprint_mu_vestibule_basic,
          sprint_mu_gehenna_hellfire, sprint_mu_dis_giant,
          sprint_mu_tartarus_statrot, sprint_mu_cocytus_islands, sprint_mu_zot1]

Skill      XL: |  1  2  3  4  5  6  7  8  9 10 |
---------------+-------------------------------+-----
Fighting       | 3 5 6 7 9 10 | 10.1
Axes           | 3 5 7 9 10 12 13 15 | 15.6
Throwing       | 1 2 4 6 |  6.0
Dodging        | 1 3 5 6 7 8 10 11 | 11.2
Shields        | 4 5 8 9 11 12 14 15 | 15.0
Invocations    | 3 10 | 10.4
Armour         | |  3.2

Action                   |  1- 3 |  4- 6 |  7- 9 | 10-12 || total
-------------------------+-------+-------+-------+-------++-------
Melee: War axe           |    29 |    39 |   145 |    73 ||   286
       Hand axe          |       |       |       |   142 ||   142
Throw: Dart              |     1 |       |       |       ||     1
Invok: Lesser Servant of |       |       |       |     4 ||     4
 Abil: Heal Wounds       |     1 |     5 |    25 |    34 ||    65
Evoke: Wand              |       |       |    14 |       ||    14
  Use: Potion            |     1 |     1 |     1 |     2 ||     5
Armor: Scale mail        |     8 |     5 |    20 |    17 ||    50
Dodge: Dodged            |     9 |    12 |    45 |    60 ||   126
Block: Kite shield       |    14 |    11 |    79 |    93 ||   197
